 Dungeon Crawl Stone Soup version 0.30-a0-808-g6e0788376e (webtiles) character file.

Game seed: 13025759330366355432

3392 Farfigtubin the Covert (level 10, -15/53 HPs)
             Began as a Kobold Brigand on Feb 26, 2023.
             Was an Elder of Dithmenos.
             Demolished by a death yak (18 damage)
             ... on level 8 of the Dungeon.
             The game lasted 01:18:02 (6698 turns).

Farfigtubin the Covert (Kobold Brigand)             Turns: 6698, Time: 01:18:02

Health: -15/53     AC:  6    Str:  8    XL:     10   Next: 24%
Magic:  17/17      EV: 36    Int: 12    God:    Dithmenos [****..]
Gold:   432        SH:  0    Dex: 22    Spells: 19/19 levels left

rFire   . . .      SeeInvis .    C - +2 dagger (venom)
rCold   . . .      Faith    .    (no shield)
rNeg    . . .      Spirit   .    b - +0 robe
rPois   .          Reflect  .    a - +0 helmet
rElec   .          Harm     .    c - +0 cloak
rCorr   .          Rampage  .    p - +0 pair of gloves
Will    +....                    o - +0 pair of boots
Stlth   +++++++++                L - amulet of the acrobat
HPRegen 0.28/turn                k - ring of willpower
MPRegen 0.15/turn                (no ring)

@: acrobatic, wreathed by umbra
A: small, no large weapons, nightstalker 3
a: Renounce Religion, Shadow Step


You were on level 8 of the Dungeon.
You worshipped Dithmenos.
Dithmenos was greatly pleased with you.
You visited 1 branch of the dungeon, and saw 8 of its levels.
You also visited: Sewer.

You collected 432 gold pieces.

Inventory:

Hand Weapons
 C - a +2 dagger of venom (weapon)
 H - a +0 dagger of speed
 M - a +1 dagger of flaming
Missiles
 d - 38 poisoned darts (quivered)
 e - 3 curare-tipped darts
 i - 57 stones
 l - 4 throwing nets
 B - 9 boomerangs
Armour
 a - a +0 helmet (worn)
 b - a +0 robe (worn)
 c - a +0 cloak (worn)
 o - a +0 pair of boots (worn)
 p - a +0 pair of gloves (worn)
 v - a +2 buckler
Jewellery
 k - a ring of willpower (left hand)
 s - an amulet of regeneration
 L - an amulet of the acrobat (around neck)
Scrolls
 g - a scroll of brand weapon {unknown}
 q - 4 scrolls of magic mapping
 t - 5 scrolls of teleportation
 w - 2 scrolls of enchant armour {unknown}
 y - a scroll of blinking {unknown}
 A - 3 scrolls of fog {unknown}
 D - a scroll of vulnerability {unknown}
 E - 3 scrolls of identify {@r1}
 F - a scroll of amnesia {unknown}
 I - a scroll of summoning {unknown}
Potions
 f - a potion of attraction {unknown}
 h - a potion of lignification {unknown}
 j - 6 potions of brilliance
 m - 6 potions of curing
 r - 2 potions of cancellation {unknown}
 u - 2 potions of berserk rage {unknown}
 x - 2 potions of haste
 z - 2 potions of magic {unknown}
 G - 2 potions of degeneration {unknown}
 J - a potion of invisibility {unknown}
 K - 2 potions of flight {unknown}


   Skills:
 - Level 2.1 Fighting
 - Level 10.0 Short Blades
 - Level 2.1 Throwing
 + Level 8.1 Dodging
 + Level 10.9 Stealth
 + Level 5.2 Spellcasting
 + Level 4.0 Summonings


You had 19 spell levels left.
You didn't know any spells.
Your spell library contained the following spells:

 Spells                   Type           Power      Damage    Failure   Level
 Summon Small Mammal      Summ           48%        N/A       3%          1
 Call Canine Familiar     Summ           12%        N/A       11%         3
 Sandblast                Erth           6%         2d5       21%         1
 Summon Guardian Golem    Hex/Summ       8%         N/A       26%         3
 Passwall                 Tmut/Erth      2%         N/A       30%         2
 Scorch                   Fire           6%         2d5       30%         2
 Sublimation of Blood     Necr           3%         N/A       30%         2
 Wereblood                Tmut           3%         N/A       30%         2
 Stone Arrow              Conj/Erth      6%         3d7       52%         3
 Anguish                  Hex/Necr       1%         N/A       89%         4
 Flame Wave               Conj/Fire      3%         2d5       89%         4
 Blade Hands              Tmut           1%         N/A       99%         5
 Irradiate                Conj/Tmut      1%         3d12      99%         5
 Summon Cactus Giant      Summ           6%         N/A       99%         6
 Dragon Form              Tmut           1%         N/A       100%        7
 Enfeeble                 Hex            1%         N/A       100%        7
 Summon Hydra             Summ           6%         N/A       100%        7


Dungeon Overview and Level Annotations

Branches:
Dungeon (8/15)               Lair (0/5) D:8           Sewer (visited)
 Temple: D:4-7

Altars:
Ashenzari
Dithmenos
Elyvilon
Fedhas
Okawaru
Qazlal
Uskayaw
Wu Jian
Xom
Yredelemnul
Zin

Shops:
D:1 (   D:5 [   D:8 (

Annotations:
D:6 2 runed translucent doors


Innate Abilities, Weirdness & Mutations

You are small and have problems with some larger weapons.
You are completely attuned to the shadows.


Message History

You hit the death yak.
The death yak is poisoned.
The death yak is lightly wounded.
Your shadow hits the death yak but does no damage.
The death yak attacks as you move away! The death yak misses you.
The death yak closely misses you.
You hit the death yak.
The death yak looks as sick as possible!
The death yak is lightly wounded.
The death yak gores you! The death yak attacks as you move away!
The death yak gores you!
Found Wijof's Weapon Boutique.
The death yak attacks as you move away! The death yak misses you.
The death yak attacks as you move away! The death yak completely misses you.
The death yak attacks as you move away! The death yak completely misses you.
You hit the death yak.
The death yak looks as sick as possible!
The death yak is moderately wounded.
The death yak attacks as you move away! The death yak completely misses you.
You hit the death yak but do no damage.
The death yak looks as sick as possible!
The death yak is heavily wounded.
The death yak gores you!!
* * * LOW HITPOINT WARNING * * *
The death yak attacks as you move away! The death yak misses you.
The death yak attacks as you move away! The death yak barely misses you.
You barely miss the death yak.
The death yak is heavily wounded.
You hit the death yak but do no damage.
The death yak looks as sick as possible!
The death yak is heavily wounded.
The death yak completely misses you. The death yak attacks as you move away!
The death yak completely misses you.
You hit the death yak but do no damage.
The death yak is heavily wounded.
You barely miss the death yak.
The death yak is heavily wounded.
The death yak gores you!
* * * LOW HITPOINT WARNING * * *
The death yak attacks as you move away! The death yak gores you!!
You die...

.... ..## .........
#§≈≈ .c.........
#####≈## .........#
##....§§_
........#####.....≈##
..>...............≈§≈
#.@.#.####.<....§§.
##Y###.# #.........
.∩.8.# #..# #.#
##...>.... #..#. #.##
#.# ##.###... #8..
#.# #.# ### ####
####..### ##.####.#
...#....# #..#....#
#...##.###.##.####
####.##.##.....#


You could see a death yak (extremely poisoned) and a centaur (asleep).

Vanquished Creatures
  A death yak (D:8)
  Menkaure (D:7)
  An ice beast (D:6)
  2 sky beasts
  3 black bears
  An ogre (D:5)
  A phantom (D:5)
  3 bullfrogs
  2 kobold brigands
  2 gnoll sergeants (D:6)
  2 scorpions (D:6)
  A necrophage (D:6)
  5 wights
  3 orc priests
  4 jellies
  2 hounds
  6 orc wizards
  5 iguanas
  Robin (D:2)
  19 gnolls
  5 river rats
  15 adders
  A white imp (D:4)
  6 worms
  16 orcs
  7 bats
  4 endoplasms
  A giant cockroach (D:1)
  16 goblins
  9 hobgoblins
  3 jackals (D:3)
  8 quokkas
  14 ball pythons
  9 frilled lizards
  15 kobolds
  26 rats
220 creatures vanquished.

Notes
Turn   | Place    | Note
-------+----------+-------------------------------------------
     0 | D:1      | Farfigtubin the Kobold Brigand began the quest for the Orb.
     0 | D:1      | Reached XP level 1. HP: 12/12 MP: 1/1
    34 | D:1      | Found Immoupsa's Weapon Boutique.
   193 | D:1      | Reached XP level 2. HP: 17/17 MP: 2/2
   398 | D:2      | Reached XP level 3. HP: 19/21 MP: 3/3
   468 | D:2      | Noticed Robin
   560 | D:1      | Found a faded altar of an unknown god.
   930 | D:2      | Reached XP level 4. HP: 26/26 MP: 4/4
  1310 | D:3      | Reached XP level 5. HP: 30/30 MP: 5/5
  1328 | D:4      | Noticed a kobold brigand
  1332 | D:4      | Killed a kobold brigand
  1333 | D:4      | Reached skill level 5 in Short Blades
  1335 | D:4      | Found a shadowy altar of Dithmenos.
  1342 | D:4      | Reached XP level 6. HP: 35/35 MP: 6/6
  1343 | D:4      | Became a worshipper of Dithmenos the Shadowed
  1742 | D:4      | Found a glowing drain.
  1748 | Sewer    | Entered a sewer
  1982 | Sewer    | Reached * piety under Dithmenos
  2185 | Sewer    | Reached XP level 7. HP: 35/40 MP: 7/7
  2599 | D:2      | Reached ** piety under Dithmenos
  2878 | D:3      | Found a shimmering altar of Xom.
  3229 | D:2      | Killed Robin
  3288 | D:3      | Found a broken altar of Ashenzari.
  3450 | D:3      | Reached XP level 8. HP: 44/44 MP: 8/8
  3606 | D:5      | Entered Level 5 of the Dungeon
  3638 | D:5      | Found a blossoming altar of Fedhas.
  3648 | D:5      | Reached skill level 5 in Dodging
  3674 | D:5      | Reached skill level 1 in Spellcasting
  3860 | D:5      | Found Uzure's Armour Shop.
  3866 | D:5      | Found a basalt altar of Yredelemnul.
  3896 | D:6      | Found a glowing silver altar of Zin.
  4255 | D:5      | Found a stormy altar of Qazlal.
  4351 | D:5      | Found a hide-covered altar of Uskayaw.
  4675 | D:5      | Found a white marble altar of Elyvilon.
  4777 | D:6      | Reached *** piety under Dithmenos
  4958 | D:6      | Reached XP level 9. HP: 48/48 MP: 12/12
  5191 | D:6      | Reached skill level 10 in Short Blades
  5192 | D:6      | Found an iron altar of Okawaru.
  5219 | D:6      | Reached skill level 1 in Summonings
  5249 | D:6      | Found a runed translucent door.
  5276 | D:6      | Found a runed translucent door.
  5383 | D:7      | Noticed Menkaure
  5394 | D:7      | Killed Menkaure
  5703 | D:7      | Reached skill level 10 in Stealth
  6410 | D:7      | Reached XP level 10. HP: 53/53 MP: 16/16
  6502 | D:8      | Noticed a death yak
  6554 | D:8      | Reached **** piety under Dithmenos
  6565 | D:8      | Found a staircase to the Lair.
  6566 | D:8      | Killed a death yak
  6567 | D:8      | Reached skill level 5 in Spellcasting
  6578 | D:8      | Noticed a death yak
  6581 | D:8      | Noticed a death yak
  6630 | D:8      | Found an ornate altar of the Wu Jian Council.
  6676 | D:8      | Found Wijof's Weapon Boutique.
  6694 | D:8      | HP: 2/53 [death yak (10)]
  6698 | D:8      | Demolished by a death yak

Illustrated notes

Levels and vault maps discovered:
D:1:      minmay_arrival_arboretum_small, layout_rooms, serial_shops,
          nicolae_shop_advertising_works [nicolae_subvault_shop_adworks],
          shapermc_ecumenical_altar_mp_vishouse
D:2:      layout_rooms, serial_glass, glass_columns_c, glass_columns_c,
          uniq_robin
D:3:      layout_rooms, ashenzari_altar_1, mainiacjoe_overflow_brackets
D:4:      nicolae_cairo_tiling_large, layout_loops_ring,
          nicolae_dithmenos_shadow_blocks, cheibrodos_sewer_entry_bend
D:5:      layout_loops_cross, nicolae_uskayaw_dance_hall, lemuel_tele_altar,
          fedhas_altar_3, amcnicky_altar_gilded,
          nicolae_qazlal_general_emergency, serial_shops,
          nicolae_shop_window_shopping
D:6:      lemuel_insect_pit, layout_basic, okawaru_metal_pillars_1_2,
          mainiacjoe_overflow_paths
D:7:      layout_basic, minmay_temple_entry_hall, uniq_menkaure
D:8:      minmay_slanted_spiral_squares, layout_rooms, kennysheep_mini_moat,
          mainiacjoe_overflow_small_starburst, dpeg_lair_monsters,
          enter_bailey_2, serial_shops, nicolae_shop_statue_plus,
          kennysheep_nub, minmay_checkerbox

Skill      XL: |  1  2  3  4  5  6  7  8  9 10 |
---------------+-------------------------------+-----
Short Blades   | 3 4 5 6 8 9 10 | 10.0
Dodging        | 2 3 4 6 7 8 |  8.1
Stealth        | 6 7 8 10 | 10.9
Spellcasting   | 2 4 5 |  5.2
Summonings     | 3 4 |  4.0
Fighting       | |  2.1
Throwing       | |  2.1

Action                     |  1- 3 |  4- 6 |  7- 9 | 10-12 || total
---------------------------+-------+-------+-------+-------++-------
  Melee: Dagger            |    79 |   168 |   451 |    40 ||   738
         Punch             |     1 |     1 |     5 |       ||     7
  Throw: Dart              |     5 |     9 |     1 |       ||    15
         Throwing net      |       |     1 |     1 |       ||     2
         Boomerang         |       |       |     1 |       ||     1
    Use: Scroll            |       |     5 |     2 |       ||     7
         Potion            |       |       |     2 |       ||     2
   Stab: Sleeping          |     8 |    33 |    43 |     3 ||    87
         Distracted        |       |       |     6 |       ||     6
         Held in net/web   |       |       |     1 |       ||     1
 Armour: Robe              |    16 |    29 |    30 |     1 ||    76
  Dodge: Dodged            |    59 |   191 |   224 |    29 ||   503

Table legend: (Time is in decaauts)
 A = Elapsed time spent in this place.
 B = Non-inter-level travel time spent in this place.
 C = Inter-level travel time spent in this place.
 D = Time resting spent in this place.
 E = Time spent auto-exploring this place.
 F = Levels seen in this place.
 G = Mean time per level.
                   A        B        C        D        E       F      G
               +--------+--------+--------+--------+--------+-----+--------+
         Total |   6498 |   6167 |    331 |    387 |    206 |   9 |  722.0 |
       Dungeon |   5885 |   5554 |    331 |    283 |    206 |   8 |  735.6 |
         Sewer |    612 |    612 |      0 |    104 |      0 |   1 |  612.0 |
               +--------+--------+--------+--------+--------+-----+--------+

Top non-repeatable levels by time:
     D:6: 1095 daAuts
     D:5: 1013 daAuts
     D:4: 919 daAuts
     D:1: 765 daAuts
     D:2: 762 daAuts
     D:7: 633 daAuts
   Sewer: 612 daAuts
     D:3: 504 daAuts
     D:8: 191 daAuts
